Cogmind - Beta 11.1 @@@ ROGUE MODE // 2022.06.23 @ 23:49:51 Player: SouppuoS Result: Destroyed by L-31 Rogue with Katana Performance ------------- Evolutions (1) 500 Regions Visited (2) 400 Robots Destroyed (4) 20 Value Destroyed (169) 169 Prototype IDs (0) 0 Alien Tech Used (0) 0 Bonus (0) 0 TOTAL SCORE: 1089 Bonus ------- None Cogmind --------- Core Integrity 0/400 Matter 260/500 Energy 100/100 System Corruption 16% Temperature Cool (0) Movement Core (750) Ox14 Location -9/Materials Parts ------- > --- POWER (1) -------- (None) > --- PROPULSION (4) --- (None) > --- UTILITY (2) ------ High-capacity Storage Unit High-capacity Matter Pod > --- WEAPON (2) ------- (None) > --- INVENTORY (20) --- Light Treads Light Treads Aluminum Leg Hover Unit Hover Unit Small Storage Unit ECM Suite Peak State ------------ > --- POWER ------------ Ion Engine > --- PROPULSION ------- Aluminum Leg Aluminum Leg > --- UTILITY ---------- High-capacity Storage Unit High-capacity Matter Pod > --- WEAPON ----------- EM Pulse Gun Assault Rifle > --- INVENTORY -------- Light Ion Engine Light Treads Light Treads Aluminum Leg Aluminum Leg Hover Unit Hover Unit Small Storage Unit High-capacity Matter Pod Medium Laser [Rating: 8] Favorites ----------- Power Ion Engine Engine Ion Engine Propulsion Aluminum Leg Leg Aluminum Leg Wheel Wheel Utility High-capacity Matter Pod Storage High-capacity Matter Pod Weapon Assault Rifle Energy Gun EM Pulse Gun Ballistic Gun Assault Rifle Build | -11 -10 -9 ------- Run | Scr Mat Mat Slots Evolved 2 | . . 2 Power . | . . . Propulsion 2 | . . 2 Utility . | . . . Weapon . | . . . Parts Attached 20 | 8 7 5 Power 2 | 1 1 . Engine 2 | 1 1 . Core . | . . . Reactor . | . . . Propulsion 8 | 4 1 3 Treads . | . . . Leg 6 | 2 1 3 Wheel 2 | 2 . . Hover . | . . . Flight . | . . . Utility 5 | 1 2 2 Device . | . . . Storage 5 | 1 2 2 Processor . | . . . Hackware . | . . . Protection . | . . . Artifact . | . . . Weapon 5 | 2 3 . Energy Gun 4 | 1 3 . Energy Cannon . | . . . Ballistic Gun 1 | 1 . . Ballistic Cannon . | . . . Launcher . | . . . Special Weapon . | . . . Impact Weapon . | . . . Slashing Weapon . | . . . Piercing Weapon . | . . . Special Melee Weapon . | . . . Unidentified Prototypes . | . . . Corrupted Parts 3 | . 1 2 System Corruption 17 | . 1 16 Parts Lost 10 | . 5 5 Power 1 | . . 1 Propulsion 5 | . 1 4 Utility 1 | . 1 . Weapon 3 | . 3 . Highest Loss Streak 5 | . 4 5 To Critical Strikes . | . . . Average Slot Usage (%) 90 | . 98 58 Engine 12 | . 14 7 Leg 28 | . 28 30 Storage 25 | . 26 21 Energy Gun 11 | . 14 . Ballistic Gun 10 | . 13 . Naked Turns . | . . . Heaviest Build 53 | 14 53 47 Greatest Support 40 | 20 20 40 Greatest Overweight (x) 14 | 1 2 14 Average Overweight (x) . | . . 2 Largest Inventory Capacity 20 | 8 20 20 Average Capacity 14 | 6 14 20 Most Carried 14 | 8 14 9 Average Carried 8 | 3 9 7 Final Capacity 20 | 8 20 20 Final Carried 10 | 6 10 7 Class Distribution -------------------- 100% | Mutant Dominant Class ---------------- Mutant | -10/Materials Mutant | -9/Materials Resources | -11 -10 -9 ----------- Run | Scr Mat Mat Matter Collected 397 | 266 131 . Remotely . | . . . Salvage Created 180 | . 180 . Parts 12 | . 12 . Haulers Intercepted . | . . . Recyclers Shooed . | . . . Parts Field Recycled . | . . . Retrieved Matter . | . . . Parts Self-Destructed . | . . . Prevented . | . . . Kills | -11 -10 -9 ------- Run | Scr Mat Mat Combat Hostiles Destroyed 4 | . 4 . Guns 3 | . 3 . Classes Destroyed 1 | . 1 . Grunt 4 | . 4 . Best Kill Streak 1 | . 1 . Combat Bots Only 1 | . 1 . Max Kills in Single Turn 1 | . 1 . Gunslinging . | . . . Exploded . | . . . Melee . | . . . Uniques/NPCs Destroyed . | . . . Combat | -11 -10 -9 -------- Run | Scr Mat Mat Damage Taken 1355 | . 659 696 Core 504 | . 103 401 Absorbed by Shields . | . . . Core Remaining (%) 79 | 100 58 . Volleys Fired 24 | . 24 . Largest 2 | . 2 . Hottest 90 | . 90 . Shots Fired 32 | . 32 . Gun 32 | . 32 . Cannon . | . . . Launcher . | . . . Special . | . . . Kinetic 4 | . 4 . Thermal 12 | . 12 . Explosive . | . . . Electromagnetic 16 | . 16 . Robot Hit Streak 11 | . 11 . Robot Miss Streak 3 | . 3 . Penetration Max . | . . . Secondary Targets 1 | . 1 . Max Gunslinging Chain 1 | . 1 . Shots Hit Robots 20 | . 20 . Core Hits 8 | . 8 . Critical Kills . | . . . Critical Parts Destroyed . | . . . Critical Strikes . | . . . Melee Attacks . | . . . Impact . | . . . Slashing . | . . . Piercing . | . . . Sneak Attacks . | . . . Combat Hostiles . | . . . Follow-up Attacks . | . . . Damage Inflicted 315 | . 315 . Guns 293 | . 293 . Cannons . | . . . Explosions 22 | . 22 . Melee . | . . . Ramming . | . . . Kinetic 37 | . 37 . Thermal 95 | . 95 . Explosive . | . . . Electromagnetic 183 | . 183 . Impact . | . . . Slashing . | . . . Piercing . | . . . Highest Corruption 16 | . 1 16 Average Corruption 15 | . 1 15 Corruption Purged . | . . . Corruption Blocked . | . . . Effects 5 | . . 5 Message Errors 3 | . . 3 Heat Flow Errors 1 | . . 1 Energy Discharges 1 | . . 1 Overload Shots . | . . . Overflow Damage . | . . . Projectiles . | . . . Explosions . | . . . Melee . | . . . Knockbacks . | . . . Impact . | . . . Kinetic . | . . . Secondary . | . . . Self-Inflicted Damage . | . . . Shots . | . . . Rammed . | . . . Targets Rammed . | . . . Kicked . | . . . Crushed . | . . . Highest Temperature 261 | . 110 261 Average Temperature 55 | . 38 136 Received Heat Transfer 507 | . 351 156 Siege Activations . | . . . Robots Corrupted 1 | . 1 . Combat Hostiles 1 | . 1 . Parts Fried 1 | . 1 . Impact Corruptions . | . . . Robots Melted . | . . . Combat Hostiles . | . . . Parts Melted . | . . . Heat Transferred 236 | . 236 . Parts Sabotaged . | . . . Parts Stolen . | . . . Parts Stripped . | . . . Power Chain Reactions 1 | . 1 . Missiles Intercepted . | . . . Alert | -11 -10 -9 ------- Run | Scr Mat Mat Peak Influence 109 | . 109 27 Initial 12 | . . 12 Average 26 | . 35 10 Maximum Alert Level . | . . . Low Security (%) 100 | 100 100 100 Level 1 . | . . . Level 2 . | . . . Level 3 . | . . . Level 4 . | . . . Level 5 . | . . . High Security . | . . . Max Security . | . . . Squads Dispatched 3 | . 3 . Investigation 2 | . 2 . Extermination . | . . . Reinforcement 1 | . 1 . Assault . | . . . Garrison . | . . . Intercept . | . . . Searches Triggered . | . . . Construction Impeded . | . . . Haulers Reinforced . | . . . Active Scanning Responses . | . . . Cargo Convoy Interrupts . | . . . Stealth | -11 -10 -9 --------- Run | Scr Mat Mat Distress Signals 3 | . 3 . Communications Jammed . | . . . Distress Signals . | . . . Times Spotted 14 | . 10 4 Peak Tracking Total 5 | . 5 4 Tactical Retreats . | . . . Traps | -11 -10 -9 ------- Run | Scr Mat Mat Traps Triggered 3 | . 3 . Indirectly . | . . . Trap Hack Attempts . | . . . Triggered . | . . . Disarmed . | . . . Reprogrammed . | . . . Reused . | . . . Traps Extracted . | . . . Installed . | . . . Triggered 1 | . 1 . Machines | -11 -10 -9 ---------- Run | Scr Mat Mat Machines Disabled 2 | . 2 . Max in Single Turn 1 | . 1 . Machines Sabotaged . | . . . Garrisons Compromised . | . . . Overloaded Fab Kills . | . . . Hacking | -11 -10 -9 --------- Run | Scr Mat Mat Machines Accessed 1 | . 1 . Terminals 1 | . 1 . Fabricators . | . . . Repair Stations . | . . . Recycling Units . | . . . Scanalyzers . | . . . Garrison Access . | . . . Total Hacks 2 | . 2 . Successful 2 | . 2 . Failed . | . . . Catastrophic . | . . . Database Lockouts . | . . . Manual . | . . . Terminals 2 | . 2 . Fabricators . | . . . Repair Stations . | . . . Recycling Units . | . . . Scanalyzers . | . . . Garrison Access . | . . . Terminal Hacks 2 | . 2 . Record 2 | . 2 . Fabricator Hacks . | . . . Repair Station Hacks . | . . . Recycling Unit Hacks . | . . . Scanalyzer . | . . . Garrison Access Hacks . | . . . Unauthorized Hacks . | . . . Terminals . | . . . Fabricators . | . . . Repair Stations . | . . . Recycling Units . | . . . Scanalyzers . | . . . Garrison Access . | . . . Data Cores Recovered . | . . . Used . | . . . Hacking Detections . | . . . Full Trace Events . | . . . Feedback Events . | . . . Feedback Blocked . | . . . Robot Schematics Acquired . | . . . Robots Built . | . . . Authchips . | . . . Time . | . . . Total Robot Build Rating . | . . . Part Schematics Acquired . | . . . Parts Built . | . . . Authchips . | . . . Time . | . . . Total Part Build Rating . | . . . Parts Repaired . | . . . Time . | . . . Parts Recycled . | . . . Recycled Matter . | . . . Retrieved Matter . | . . . Retrieved Components . | . . . Parts Scanalyzed . | . . . Part Schematics Acquired . | . . . Parts Damaged . | . . . Bothacking | -11 -10 -9 ------------ Run | Scr Mat Mat Used RIF Installer . | . . . Robots Hacked . | . . . Non-combat . | . . . Combat . | . . . Robot Hacks Applied . | . . . Relay Couplers Released . | . . . Fabnet Peak Effective % . | . . . Robots Rewired . | . . . Allies Hacked . | . . . Hacks Repelled . | . . . Allies | -11 -10 -9 -------- Run | Scr Mat Mat Total Allies . | . . . Largest Group . | . . . Highest-Rated Group . | . . . Highest-Rated Ally . | . . . Total Orders . | . . . Ally Attacks . | . . . Total Damage . | . . . Kills . | . . . Allies Corrupted . | . . . Allies Melted . | . . . Intel | -11 -10 -9 ------- Run | Scr Mat Mat Robot Analysis Total . | . . . Derelict Logs Recovered . | . . . Drone Launches . | . . . Drone Recoveries . | . . . Exploration | -11 -10 -9 ------------- Run | Scr Mat Mat Turns Passed 713 | 78 500 135 Spaces Moved 357 | 52 249 56 Core 23 | 19 . 4 Treads . | . . . Legs 334 | 33 249 52 Wheels . | . . . Hover . | . . . Flight . | . . . Fastest Speed 50 | 50 120 190 Average Speed 171 | 110 168 237 Slowest Speed 750 | 120 260 750 Overloaded Moves . | . . . Propulsion Burnouts . | . . . Robots Hopped . | . . . Cave-ins Triggered . | . . . Exploration Rate (%) 17 | 4 42 6 Regions Visited 2 Branch Regions . Pre-discovered Areas . | . . . Known Exits Taken . | . . . Unknown Exits Taken 2 | 1 1 . Scrap Searched . | . . . Spaces Dug . | . . . Terrain Destroyed 2 | . 2 . Melee . | . . . Projectile . | . . . AOE 2 | . 2 . Terrain Rammed . | . . . Walls Destroyed . | . . . Machines Disabled . | . . . Actions | -11 -10 -9 --------- Run | Scr Mat Mat Total 431 | 71 299 61 Wait 4 | . 4 . Move 355 | 51 248 56 Hop . | . . . Pick Up 25 | 12 13 . Fast Attach . | . . . Attach 15 | 6 6 3 Detach . | . . . Swap 5 | 2 1 2 Drop 3 | . 3 . Fire 24 | . 24 . Melee . | . . . Ram . | . . . Kick . | . . . Crush . | . . . Escape Stasis . | . . . Rewire . | . . . Trap . | . . . Miscellaneous . | . . . Route ------- -11/Scrapyard -10/Materials -9/Materials History --------- Turn | Location | Event 10 | -11/Scrapyard | Discovered new exit (range 15) 79 | -11/Scrapyard | Entered Materials 319 | -10/Materials | Build established: Mutant 381 | -10/Materials | Discovered new exit (range 11) 579 | -10/Materials | Entered another Materials area 579 | -9/Materials | Evolved 2 slots: Propulsion x2 581 | -9/Materials | System corruption reached 10% 602 | -9/Materials | Lost 4 parts (1n1u2w) 701 | -9/Materials | Core integrity fell below 50% 711 | -9/Materials | Core integrity fell below 20% 714 | -9/Materials | Destroyed by L-31 Rogue with Katana Last Messages --------------- Important note for Steam players: Cogmind player global achievement rates displayed by Steam are all significantly underreported, in some cases by a huge margin, due to how they are calculated by Valve. Note that some effects don't stack, e.g. attaching both Sml. Storage Unit and Hcp. Storage Unit does not combine the two effects (all such effects are marked ). 00617_ MI>4WZ9|5B #8/BTJ5NLPAYXJV::Q 00634_ System corrupted: Heat flow error (+284). 00650_ Connecting with Repair Station... 00650_ Current location identified: Materials 00651_ System corrupted: Energy discharge (-31). 00657_ Aluminum Leg destroyed. 00660_ G-34 Mercenary destroyed. 00669_ Lgt. Ion Engine destroyed. 00673_ Aluminum Leg destroyed. 00683_ G #QYRTGIQ2:>YBFL2JG#JCOUVZU7THGL 00687_ Aluminum Leg destroyed. 00704_ V6N ZLPN9EI#X9MCALDFKPQJAITSFCWFGE7GLA 00708_ U-05 Engineer builds a Door. Map ----- +----------------------------------------------------+ | ?????????????????????????????????????? | | ?????????????????????????????????????? | | ?????????????????????????????????????? | | ?????????????????????????????????????? | | ?????????? ?????????????????????????? | | ????????? ###+##############?????? | | ????????? # ==#?????? | | ????????? # =!#?????? | | ?????????????! !# #?????? | | ????????????????????# [%+ " " #?????? | | ????????????????????# *# "R" #?????? | | ????????????????????# # """ #?????? | | ????????????????????# ########?????? | | ????????????????????# #????????????? | | ????????????????????# #????????????? | | ????????????????????# #????????????? | | ????????????????????# #????????????? | | ??????????########### #????????????? | | ??????????# # #????????????? | | ??????????# # #####????????? | | ??????????# # #????????? | | ??????????# + #????????? | | ??????????# """ """ # #????????? | | ??????????# """ """ ####+####????????? | | ??????????# """ """ ## Y #????????? | | ??????????# ## gl@ #????????? | | ??????????############""" #????????? | | ?????????????????????#""" #????????? | | ?????????????????????#""" #????????? | | ?????????????????????# #????????? | | ?????????????????????########????????? | | ?????????????????????????????????????? | | ?????????????????????????????????????? | | ?????????????????????????????????????? | | ?????????????????????????????????????? | | ?????????????????????????????????????? | | ?????????????????????????????????????? | | | | | | | | | | | | | | | | | | | | | | | | | | | +----------------------------------------------------+ Best States ------------- Heat Dissipation 28 Energy Generation 10 Energy Capacity 250 Matter Stores 383 Matter Capacity 500 Sight Range 16 Terrain Scan Density 10 Evasion (%) 55 Item Schematics ----------------- None Robot Schematics ------------------ None Fabricated ------------ Nothing Alien Tech Used ----------------- None Achievements -------------- System Compromised Challenges ------------ None Game ------ Seed AssemblyActuatorNukerbomber Manual? 0 Play Time 00:32:50 Cumulative 5.4 hours Start 2022.06.23 @ 22:49:42 End 2022.06.23 @ 23:49:51 Sessions 1 Manual Loads 0 Difficulty Rogue Special Mode None Game No. 7 Rogue 7 Adventurer 0 Explorer 0 Win Type - Total 0 Types 0/0/0/0/0/0/0/0/0 Lore% 1 Gallery% 6 Achievement% 6 Wizard Run 0 Options --------- ASCII 0 Keyboard 0 Movement Mouse Keybinds 0 Fullscreen 1 Font 24/Crisp Map View 64x52 Tactical HUD 1 Map Filters NONE Filters NONE Steam 1 RUN: 7a221636-b96f-456b-b0d3-43c82b2e2d78